[ AOE2 MATCH · #506199217 ]
UnrankedHuns vs Vikings
Player's team · LOSS
Rival team · WIN
[ REPLAY ANALYSIS · EXTRACTED FROM THE RECORDED GAME ]
Feudal
8:27
Castle
24:04
Imperial
—
| APM avg | 90.7 |
| APM peak | 122 |
| eAPM avg | 38.6 |
| Villagers / military | 119 / 46 |
Focus
⚔️ 49.4% · 🌾 50.6%
Scout Cavalry ×16 · Archer ×13 · Knight ×13 · Scorpion ×3 · Spearman ×1
Feudal
10:56
Castle
25:08
Imperial
32:53
| APM avg | 68.8 |
| APM peak | 109 |
| eAPM avg | 34.4 |
| Villagers / military | 97 / 69 |
Focus
⚔️ 55.0% · 🌾 45.0%
Archer ×34 · Skirmisher ×14 · Militia ×12 · Spearman ×6 · Monk ×3
Match map
Initial resources + every placement click. Lines = walls · curves = elevation contours. ◆ gold · ⬟ stone · ● berries · ✦ relic · ◌ wall gap
Your base· Open — 13t gap
Courtesy's base· Open — 1t gap
Smoothed initial terrain · ◌ = detected wall gap · hover for details
Inputs per minute
— RD | Kiko - - Courtesy
Build order — RD | Kiko
First 150 of 295 actions detected
| 0:01 | Create | Villager (Male) |
| 0:01 | Create | Villager (Male) |
| 0:01 | Create | Villager (Male) |
| 0:07 | Create | Villager (Male) |
| 0:08 | Create | Villager (Male) |
| 1:26 | Create | Villager (Male) |
| 1:56 | Create | Villager (Male) |
| 1:56 | Create | Villager (Male) |
| 1:59 | Build | Lumber Camp |
| 2:10 | Create | Villager (Male) |
| 2:42 | Create | Villager (Male) |
| 3:06 | Create | Villager (Male) |
| 3:39 | Create | Villager (Male) |
| 3:39 | Create | Villager (Male) |
| 4:07 | Create | Villager (Male) |
| 4:11 | Create | Villager (Male) |
| 4:12 | Create | Villager (Male) |
| 4:46 | Create | Villager (Male) |
| 4:49 | Create | Villager (Male) |
| 4:53 | Build | Mill |
| 5:33 | Research | Loom |
| 6:17 | Research | Feudal Age |
| 6:49 | Build | Palisade Wall |
| 6:50 | Build | Palisade Wall |
| 6:51 | Build | Palisade Wall |
| 7:12 | Build | Palisade Wall |
| 7:15 | Build | Palisade Wall |
| 7:16 | Build | Palisade Wall |
| 7:18 | Build | Palisade Wall |
| 7:18 | Build | Palisade Wall |
| 7:22 | Build | Palisade Wall |
| 7:23 | Build | Palisade Wall |
| 7:40 | Build | Barracks |
| 7:53 | Create | Villager (Male) |
| 8:27 | Age | Feudal Age |
| 8:31 | Create | Villager (Male) |
| 8:39 | Build | Stable |
| 9:01 | Research | Double-Bit Axe |
| 9:02 | Research | Double-Bit Axe |
| 9:04 | Create | Villager (Male) |
| 9:13 | Build | Palisade Wall |
| 9:28 | Create | Scout Cavalry |
| 9:28 | Create | Scout Cavalry |
| 9:38 | Create | Villager (Male) |
| 9:51 | Build | Mill |
| 9:53 | Create | Villager (Male) |
| 9:53 | Create | Villager (Male) |
| 10:11 | Create | Villager (Male) |
| 10:19 | Build | Farm |
| 10:20 | Build | Farm |
| 10:30 | Build | Farm |
| 10:42 | Create | Villager (Male) |
| 10:58 | Create | Villager (Male) |
| 10:59 | Create | Villager (Male) |
| 11:10 | Create | Villager (Male) |
| 11:18 | Create | Villager (Male) |
| 11:34 | Create | Villager (Male) |
| 11:42 | Build | Archery Range |
| 11:50 | Create | Villager (Male) |
| 11:53 | Build | Farm |
| 12:13 | Build | Mining Camp |
| 12:27 | Build | Palisade Wall |
| 12:28 | Build | Palisade Wall |
| 12:30 | Create | Spearman |
| 12:37 | Create | Archer |
| 12:40 | Build | Palisade Wall |
| 12:47 | Build | Farm |
| 12:48 | Build | Farm |
| 13:01 | Create | Archer |
| 13:07 | Create | Villager (Male) |
| 13:43 | Create | Archer |
| 13:52 | Create | Villager (Male) |
| 13:55 | Build | Farm |
| 13:57 | Build | Farm |
| 13:59 | Build | Farm |
| 14:08 | Create | Archer |
| 14:12 | Build | Farm |
| 14:20 | Create | Villager (Male) |
| 14:20 | Create | Villager (Male) |
| 14:27 | Build | Farm |
| 14:30 | Build | Blacksmith |
| 14:35 | Create | Archer |
| 14:40 | Build | Farm |
| 14:46 | Create | Villager (Male) |
| 14:47 | Create | Villager (Male) |
| 14:55 | Build | Palisade Wall |
| 14:58 | Create | Villager (Male) |
| 14:58 | Create | Villager (Male) |
| 15:01 | Build | Farm |
| 15:25 | Build | Farm |
| 15:28 | Research | Fletching |
| 15:29 | Research | Fletching |
| 15:30 | Create | Archer |
| 15:35 | Create | Villager (Male) |
| 15:42 | Build | Lumber Camp |
| 15:54 | Create | Villager (Male) |
| 15:54 | Create | Villager (Male) |
| 16:02 | Build | Farm |
| 16:07 | Create | Scout Cavalry |
| 16:08 | Create | Scout Cavalry |
| 16:25 | Create | Villager (Male) |
| 16:30 | Build | Farm |
| 16:32 | Create | Scout Cavalry |
| 16:33 | Create | Scout Cavalry |
| 16:38 | Create | Archer |
| 16:42 | Create | Archer |
| 16:46 | Create | Scout Cavalry |
| 16:46 | Create | Scout Cavalry |
| 16:53 | Build | Stone Wall |
| 16:57 | Create | Archer |
| 16:58 | Create | Scout Cavalry |
| 17:06 | Create | Villager (Male) |
| 17:12 | Create | Archer |
| 17:12 | Create | Archer |
| 17:20 | Create | Villager (Male) |
| 17:21 | Build | Farm |
| 17:23 | Build | Farm |
| 17:29 | Create | Scout Cavalry |
| 17:35 | Build | Palisade Wall |
| 17:37 | Build | Palisade Wall |
| 17:59 | Create | Villager (Male) |
| 18:04 | Build | Farm |
| 18:05 | Build | Farm |
| 18:06 | Build | Farm |
| 18:08 | Create | Scout Cavalry |
| 18:13 | Create | Archer |
| 18:17 | Research | Forging |
| 18:17 | Research | Forging |
| 18:21 | Create | Villager (Male) |
| 18:29 | Create | Villager (Male) |
| 18:32 | Create | Archer |
| 18:38 | Create | Villager (Male) |
| 18:53 | Create | Scout Cavalry |
| 18:54 | Create | Scout Cavalry |
| 18:57 | Create | Villager (Male) |
| 19:30 | Create | Scout Cavalry |
| 19:41 | Create | Scout Cavalry |
| 19:51 | Create | Scout Cavalry |
| 19:52 | Create | Villager (Male) |
| 19:56 | Create | Villager (Male) |
| 20:06 | Create | Villager (Male) |
| 20:09 | Build | Farm |
| 20:12 | Build | Watch Tower |
| 20:21 | Build | Farm |
| 20:32 | Build | Market |
| 20:56 | Build | Farm |
| 21:07 | Build | Farm |
| 21:24 | Research | Castle Age |
| 21:25 | Research | Castle Age |
| 21:32 | Build | Farm |
Build order — Courtesy
First 150 of 275 actions detected
| 0:01 | Create | Villager (Male) |
| 0:02 | Build | House |
| 0:03 | Build | House |
| 0:05 | Create | Villager (Male) |
| 0:28 | Create | Villager (Male) |
| 0:35 | Create | Villager (Male) |
| 1:41 | Create | Villager (Male) |
| 1:41 | Create | Villager (Male) |
| 1:42 | Create | Villager (Male) |
| 2:03 | Build | Lumber Camp |
| 2:05 | Create | Villager (Male) |
| 2:21 | Create | Villager (Male) |
| 2:37 | Create | Villager (Male) |
| 3:01 | Create | Villager (Male) |
| 3:17 | Create | Villager (Male) |
| 3:53 | Create | Villager (Male) |
| 3:55 | Build | House |
| 4:26 | Create | Villager (Male) |
| 4:40 | Create | Villager (Male) |
| 4:41 | Build | Barracks |
| 4:45 | Build | Palisade Wall |
| 4:45 | Build | Palisade Wall |
| 4:53 | Create | Villager (Male) |
| 4:58 | Build | Palisade Wall |
| 5:03 | Create | Villager (Male) |
| 5:09 | Build | House |
| 5:13 | Create | Villager (Male) |
| 5:25 | Create | Villager (Male) |
| 5:40 | Create | Militia |
| 5:41 | Create | Militia |
| 5:41 | Create | Militia |
| 5:45 | Create | Villager (Male) |
| 6:01 | Create | Villager (Male) |
| 6:13 | Create | Villager (Male) |
| 6:18 | Build | Mill |
| 6:23 | Create | Militia |
| 6:30 | Create | Villager (Male) |
| 6:49 | Build | House |
| 7:13 | Create | Villager (Male) |
| 7:52 | Research | Loom |
| 8:11 | Build | Mining Camp |
| 8:12 | Create | Villager (Male) |
| 8:46 | Research | Feudal Age |
| 9:05 | Build | Mill |
| 9:20 | Create | Militia |
| 9:34 | Build | House |
| 9:40 | Build | Farm |
| 9:41 | Create | Villager (Male) |
| 10:01 | Create | Villager (Male) |
| 10:02 | Build | Farm |
| 10:16 | Build | Palisade Wall |
| 10:17 | Build | Palisade Wall |
| 10:22 | Create | Villager (Male) |
| 10:25 | Build | House |
| 10:35 | Create | Villager (Male) |
| 10:47 | Create | Villager (Male) |
| 10:56 | Age | Feudal Age |
| 11:22 | Create | Villager (Male) |
| 11:38 | Research | Man-at-Arms (upgrade) |
| 11:40 | Build | Farm |
| 11:42 | Research | Double-Bit Axe |
| 11:45 | Build | House |
| 11:45 | Create | Villager (Male) |
| 11:48 | Build | Farm |
| 12:02 | Create | Villager (Male) |
| 12:05 | Build | Palisade Wall |
| 12:06 | Create | Spearman |
| 12:16 | Build | House |
| 12:17 | Build | Palisade Wall |
| 12:24 | Build | House |
| 12:25 | Build | House |
| 12:35 | Build | Farm |
| 12:40 | Build | Farm |
| 12:41 | Build | House |
| 12:45 | Create | Villager (Male) |
| 12:50 | Build | Farm |
| 13:07 | Create | Villager (Male) |
| 13:19 | Create | Spearman |
| 13:28 | Build | Archery Range |
| 13:30 | Build | House |
| 13:35 | Create | Villager (Male) |
| 13:41 | Create | Villager (Male) |
| 14:14 | Create | Skirmisher |
| 14:15 | Create | Villager (Male) |
| 14:23 | Build | House |
| 14:24 | Build | Blacksmith |
| 14:25 | Create | Villager (Male) |
| 14:35 | Create | Skirmisher |
| 14:36 | Create | Militia |
| 14:52 | Create | Villager (Male) |
| 14:53 | Build | Farm |
| 15:05 | Create | Skirmisher |
| 15:17 | Create | Skirmisher |
| 15:25 | Build | Palisade Wall |
| 15:27 | Create | Skirmisher |
| 15:29 | Create | Spearman |
| 15:44 | Create | Villager (Male) |
| 15:50 | Research | Fletching |
| 15:51 | Create | Skirmisher |
| 16:00 | Build | Farm |
| 16:00 | Create | Villager (Male) |
| 16:03 | Build | Farm |
| 16:03 | Create | Villager (Male) |
| 16:14 | Build | Farm |
| 16:15 | Build | Farm |
| 16:20 | Research | Arson |
| 16:23 | Build | House |
| 16:25 | Build | Palisade Wall |
| 16:29 | Create | Skirmisher |
| 16:32 | Build | Palisade Gate |
| 16:33 | Create | Villager (Male) |
| 16:36 | Build | Farm |
| 16:41 | Create | Skirmisher |
| 16:57 | Build | Farm |
| 17:01 | Research | Padded Archer Armor |
| 17:02 | Create | Villager (Male) |
| 17:20 | Create | Skirmisher |
| 17:23 | Build | Farm |
| 17:26 | Build | Farm |
| 17:30 | Create | Skirmisher |
| 17:44 | Create | Villager (Male) |
| 17:52 | Create | Militia |
| 17:54 | Create | Skirmisher |
| 17:55 | Research | Horse Collar |
| 18:02 | Create | Villager (Male) |
| 18:18 | Create | Villager (Male) |
| 18:22 | Create | Skirmisher |
| 18:36 | Create | Militia |
| 18:38 | Research | Scale Mail Armor |
| 18:38 | Research | Scale Mail Armor |
| 18:50 | Create | Villager (Male) |
| 18:59 | Create | Skirmisher |
| 19:04 | Create | Militia |
| 19:13 | Create | Villager (Male) |
| 19:19 | Create | Spearman |
| 19:24 | Create | Villager (Male) |
| 19:40 | Create | Militia |
| 19:43 | Build | Farm |
| 19:44 | Build | Farm |
| 19:45 | Create | Villager (Male) |
| 19:46 | Build | Farm |
| 19:47 | Create | Villager (Male) |
| 19:48 | Build | Lumber Camp |
| 19:53 | Create | Militia |
| 20:08 | Create | Spearman |
| 20:14 | Create | Skirmisher |
| 20:19 | Create | Villager (Male) |
| 20:21 | Create | Militia |
| 20:32 | Build | Market |
| 20:42 | Create | Spearman |
Match timeline
| 4:41 | Courtesy · first_building Barracks |
| 4:45 | Courtesy · wall_segment Palisade Wall x1 |
| 4:45 | Courtesy · wall_segment Palisade Wall x1 |
| 4:58 | Courtesy · wall_segment Palisade Wall x1 |
| 6:49 | RD | Kiko · wall_segment Palisade Wall x1 |
| 6:50 | RD | Kiko · wall_segment Palisade Wall x1 |
| 6:51 | RD | Kiko · wall_segment Palisade Wall x1 |
| 7:12 | RD | Kiko · wall_segment Palisade Wall x1 |
| 7:15 | RD | Kiko · wall_segment Palisade Wall x1 |
| 7:16 | RD | Kiko · wall_segment Palisade Wall x1 |
| 7:18 | RD | Kiko · wall_segment Palisade Wall x1 |
| 7:18 | RD | Kiko · wall_segment Palisade Wall x1 |
| 7:22 | RD | Kiko · wall_segment Palisade Wall x1 |
| 7:23 | RD | Kiko · wall_segment Palisade Wall x1 |
| 7:40 | RD | Kiko · first_building Barracks |
| 8:27 | RD | Kiko · age_up feudal |
| 8:39 | RD | Kiko · first_building Stable |
| 9:13 | RD | Kiko · wall_segment Palisade Wall x3 |
| 10:16 | Courtesy · wall_segment Palisade Wall x1 |
| 10:17 | Courtesy · wall_segment Palisade Wall x1 |
| 10:56 | Courtesy · age_up feudal |
| 11:42 | RD | Kiko · first_building Archery Range |
| 12:05 | Courtesy · wall_segment Palisade Wall x7 |
| 12:17 | Courtesy · wall_segment Palisade Wall x1 |
| 12:27 | RD | Kiko · wall_segment Palisade Wall x1 |
| 12:28 | RD | Kiko · wall_segment Palisade Wall x1 |
| 12:40 | RD | Kiko · wall_segment Palisade Wall x6 |
| 13:28 | Courtesy · first_building Archery Range |
| 14:55 | RD | Kiko · wall_segment Palisade Wall x3 |
| 15:25 | Courtesy · wall_segment Palisade Wall x3 |
| 16:25 | Courtesy · wall_segment Palisade Wall x10 |
| 16:53 | RD | Kiko · wall_segment Stone Wall x2 |
| 17:35 | RD | Kiko · wall_segment Palisade Wall x1 |
| 17:37 | RD | Kiko · wall_segment Palisade Wall x1 |
| 20:59 | Courtesy · wall_segment Palisade Wall x1 |
| 20:59 | Courtesy · wall_segment Palisade Wall x1 |
| 21:14 | Courtesy · wall_segment Palisade Wall x1 |
| 21:20 | RD | Kiko · first_market_sell 100 wood |
| 22:04 | Courtesy · first_market_buy 100 food |
| 23:44 | Courtesy · wall_segment Palisade Wall x2 |
| 24:04 | RD | Kiko · age_up castle |
| 24:23 | Courtesy · first_market_sell 100 food |
| 24:55 | RD | Kiko · first_market_buy 100 stone |
| 25:08 | Courtesy · age_up castle |
| 25:17 | Courtesy · first_building Monastery |
| 25:29 | Courtesy · wall_segment Palisade Wall x1 |
| 28:07 | RD | Kiko · first_building Siege Workshop |
| 32:53 | Courtesy · age_up imperial |
| 33:01 | RD | Kiko · resign |
[ AI ANALYSIS · 1 CREDIT ]
What really happened in this match?
Wolo.gg analyzes every decision: build order, eco, micro, common mistakes by bracket. Personalized analysis on WhatsApp or Discord in 30 seconds.
Civ guide
Huns
Perfil
Jugador #1516024